 Dungeon Crawl Stone Soup version 0.30-a0-304-gdc4b735fe1 (webtiles) character file.

Game seed: 2161924071469933047

2 IdlyInterested the Chucker (level 1, -1/14 HPs)
             Began as a Demonspawn Wanderer on Oct 20, 2022.
             Slain by an endoplasm (3 damage)
             ... on level 1 of the Dungeon.
             The game lasted 00:00:40 (25 turns).

IdlyInterested the Chucker (Demonspawn Wanderer)      Turns: 25, Time: 00:00:40

Health: -1/14      AC:  5    Str: 17    XL:     1   Next: 25%
Magic:  2/2        EV: 10    Int: 11    God:
Gold:   0          SH:  0    Dex:  9    Spells: 1/2 levels left

rFire   . . .      SeeInvis .    a - +2 dagger
rCold   . . .      Faith    .    (no shield)
rNeg    . . .      Spirit   .    c - +0 ring mail
rPois   .          Reflect  .    (no helmet)
rElec   .          Harm     .    (no cloak)
rCorr   .          Rampage  .    (no gloves)
Will    .....                    (no boots)
Stlth   ..........               (no amulet)
HPRegen 0.22/turn                (no ring)
MPRegen 0.08/turn                (no ring)

@: no status effects
A: no striking features
a: no special abilities


You were on level 1 of the Dungeon.
You visited 1 branch of the dungeon, and saw 1 of its levels.

Inventory:

Hand Weapons
 a - a +2 dagger (weapon)
Missiles
 b - 2 curare-tipped darts (quivered)
Armour
 c - a +0 ring mail (worn)
Scrolls
 d - a scroll of blinking


   Skills:
 * Level 0.4 Fighting
 - Level 3.6 Throwing
 - Level 2.6 Armour
 - Level 1.0 Spellcasting
 - Level 1.0 Conjurations
 - Level 1.2 Invocations
 + Level 0.2 Evocations


You had one spell level left.
You knew the following spells:

 Your Spells              Type           Power      Damage    Failure   Level
a - Kiss of Death         Conj/Necr      4%         2d5       43%         1

Your spell library contained the following spells:

 Spells                   Type           Power      Damage    Failure   Level
 Hailstorm                Conj/Ice       1%         3d3       80%         3


Dungeon Overview and Level Annotations

Branches:
Dungeon (1/15)

Altars:


Message History

You are frozen.
The kobold barely misses you. The endoplasm attacks as you move away!
The endoplasm barely misses you.
A quokka comes into view.
The quokka moves out of view.
The kobold attacks as you move away! The kobold hits you but does no damage.
The endoplasm attacks as you move away!
The endoplasm hits you but does no damage.
The endoplasm attacks as you move away! The endoplasm closely misses you.
Found a runed short sword.
You hit the quokka but do no damage. The quokka barely misses you.
You closely miss the quokka.
The quokka bites you but does no damage.
You closely miss the quokka. The quokka barely misses you.
The endoplasm freezes you.
You are frozen.
You aren't carrying any potions.
You hit the quokka.
The quokka is almost dead.
The quokka misses you. The quokka barely misses you.
The endoplasm hits you but does no damage.
You hit the quokka.
You kill the quokka!
The endoplasm hits you but does no damage.
You hit the endoplasm.
The endoplasm is lightly wounded.
The endoplasm barely misses you. x2
You hit the endoplasm.
The endoplasm is moderately wounded.
The endoplasm closely misses you.
The endoplasm hits you but does no damage.
You barely miss the endoplasm.
The endoplasm is moderately wounded.
The endoplasm freezes you.
You are frozen.
* * * LOW HITPOINT WARNING * * *
The endoplasm barely misses you.
You hit the endoplasm.
The endoplasm is almost dead.
The endoplasm hits you.
You die...

#. ..# #### #.## #...
....##..###....
.....#.......#
.............#.
...............
........JK.....
......>@#.#...#..#...
......#J#........#...
..... #..J...........
...) #..............
### ##............#
######.........⌠...##
.....................
...........∩.<>......
.....................


You could see 2 endoplasms and a kobold.

Vanquished Creatures
  A quokka (D:1)
  A bat (D:1)
2 creatures vanquished.

Notes
Turn   | Place    | Note
-------+----------+-------------------------------------------
     0 | D:1      | IdlyInterested the Demonspawn Wanderer began the quest for
                  | the Orb.
     0 | D:1      | IdlyInterested set off with the following items: a +2
                  | dagger, 2 curare-tipped darts, a +0 ring mail, a scroll of
                  | blinking; and the following spell memorised: Kiss of Death;
                  | and the following spells available to memorise: Hailstorm.
     0 | D:1      | Reached XP level 1. HP: 13/13 MP: 2/2
    25 | D:1      | Slain by an endoplasm

Illustrated notes

Levels and vault maps discovered:
D:1:      wander_arrival_desolate, layout_rooms, basic_ecumenical_altar

Action                   || total
-------------------------++-------
Melee: Dagger            ||    13
Armor: Ring mail         ||    14
Dodge: Dodged            ||    16

Table legend: (Time is in decaauts)
 A = Elapsed time spent in this place.
 B = Non-inter-level travel time spent in this place.
 C = Inter-level travel time spent in this place.
 D = Time resting spent in this place.
 E = Time spent auto-exploring this place.
 F = Levels seen in this place.
 G = Mean time per level.
                   A        B        C        D        E       F      G
               +--------+--------+--------+--------+--------+-----+--------+
         Total |     25 |     25 |      0 |      0 |      0 |   1 |   25.0 |
       Dungeon |     25 |     25 |      0 |      0 |      0 |   1 |   25.0 |
               +--------+--------+--------+--------+--------+-----+--------+

Top non-repeatable levels by time:
     D:1: 25 daAuts
